 Dungeon Crawl Stone Soup version 0.26-a0-651-gb41185065b (webtiles) character file.

Game seed: 10780331578678754459

178 kae the Ruffian (level 5, 0/60 HPs)
             Began as a Draconian Transmuter on Oct 13, 2020.
             Slain by an orc
             ... wielding a +0 short sword
              (1 damage)
             ... on level 3 of the Dungeon.
             The game lasted 00:02:58 (3396 turns).

kae the Ruffian (Draconian Transmuter)              Turns: 3396, Time: 00:02:59

Health: 0/60       AC: 22    Str: 14    XL:     5   Next: 32%
Magic:  8/8        EV:  2    Int: 13    God:
Gold:   162        SH:  0    Dex: 11    Spells: 2/8 levels left

rFire    . . .     SeeInvis .   c - +1 trident
rCold    . . .     Faith    .   (no shield)
rNeg     + + +     Spirit   .   (armour unavailable)
rPois    +         Reflect  .   (helmet currently unavailable)
rElec    .         Harm     .   (cloak currently unavailable)
rCorr    .         Rampage  .   (gloves currently unavailable)
MR       .....     NoTele   +   (boots currently unavailable)
Stlth    +.........             (no amulet)
HPRegen  0.20/turn              (no ring)
MPRegen  0.11/turn              (no ring)

@: mighty, lethally poisoned (0 -> -1), tree-form
A: unfitting armour, AC +5
a: no special abilities


You were on level 3 of the Dungeon.
You were a tree.
You visited 1 branch of the dungeon, and saw 5 of its levels.

You collected 162 gold pieces.

Inventory:

Hand Weapons
 c - a +1 trident (weapon)
Scrolls
 a - 2 scrolls of fog
 k - a scroll of identify
 l - a scroll of magic mapping
Potions
 b - a potion of degeneration
 d - 2 potions of flight
 e - a potion of haste
 f - a potion of mutation
 h - 2 potions of brilliance


   Skills:
 - Level 1.1 Fighting
 - Level 1.7 Dodging
 * Level 5.3 Unarmed Combat
 - Level 2.0 Spellcasting
 + Level 3.5 Transmutations


You had 2 spell levels left.
You knew the following spells:

 Your Spells              Type           Power        Failure   Level
a - Beastly Appendage     Tmut           ##....       6%          1
b - Wereblood             Tmut           ##......     9%          2
c - Spider Form           Tmut/Pois      #.........   36%         3

Your spell library contained the following spells:

 Spells                   Type           Power        Failure   Level
 Ice Form                 Ice/Tmut       #.......     77%         4
 Blade Hands              Tmut           ##........   86%         5


Dungeon Overview and Level Annotations

Branches:
Dungeon (5/15)
 Temple: D:4-7

Altars:
Gozag
Yredelemnul
The Shining One

Annotations:
D:5 exclusion: sky beast


Innate Abilities, Weirdness & Mutations

((Your plain brown scales are hard. (AC +5)))
You cannot fit into any form of body armour.
((You are cold-blooded and may be slowed by cold attacks.))


Message History

You feel sick. The hobgoblin hits you with a +0 club.
* * * LOW HITPOINT WARNING * * *
The orc hits you but does no damage. x4
You hit the hobgoblin.
You kill the hobgoblin!
The orc hits you but does no damage. x5
You closely miss the orc.
You feel sick. The orc hits you but does no damage. x3
The orc hits you with a +0 dagger.
* * * LOW HITPOINT WARNING * * *
The orc hits you but does no damage. x4
You completely miss the orc. The orc hits you but does no damage.
The orc hits you with a +0 club.
* * * LOW HITPOINT WARNING * * *
The orc hits you but does no damage. x4
You puncture the orc!
You kill the orc!
* * * LOW HITPOINT WARNING * * *
You feel sick. The orc hits you but does no damage. x2
The orc hits you with a +0 short sword.
You die...

...#*,#**,,,*,,**
...#*.#*,,,,,,**
...##.##.,,****
...#......,*,*##*
......#...**,,..*
......#.#<**,*#.*
..........**,*#.*
..........**,##o#####
..........**,#.o♣)..#
..........**,#.oo)..#
.#.....##.,*,#......#
.#..##..#,,*,#......#
.#..###.#.,*,#......#
..........,,,.......#
†..).##.#.,*.#......#
..........,.........#
.....###.#,,,,,,,,,,*


You could see 4 orcs.

Vanquished Creatures
  A scorpion (D:3)
  5 adders
  An ufetubus (D:5)
  An ooze (D:1)
  A worm (D:2)
  2 dart slugs
  A leopard gecko (D:1)
  3 orcs
  3 giant cockroaches
  7 goblins
  9 hobgoblins
  8 jackals
  4 quokkas
  6 bats
  A frilled lizard (D:2)
  5 kobolds
  5 rats
63 creatures vanquished.

Notes
Turn   | Place    | Note
-------+----------+-------------------------------------------
     0 | D:1      | kae the Draconian Transmuter began the quest for the Orb.
     0 | D:1      | Reached XP level 1. HP: 16/16 MP: 3/3
   204 | D:1      | Reached XP level 2. HP: 17/23 MP: 5/5
   884 | D:2      | Reached skill level 4 in Unarmed Combat
   884 | D:2      | Reached XP level 3. HP: 20/28 MP: 4/6
  1105 | D:2      | Found a glowing golden altar of the Shining One.
  1369 | D:2      | Found a basalt altar of Yredelemnul.
  1550 | D:2      | Reached XP level 4. HP: 33/35 MP: 5/7
  1847 | D:2      | Found an opulent altar of Gozag.
  2190 | D:2      | Learned a level 2 spell: Wereblood
  2194 | D:2      | Learned a level 3 spell: Spider Form
  2655 | D:3      | Reached skill level 5 in Unarmed Combat
  2655 | D:3      | Reached XP level 5. HP: 18/40 MP: 1/8
  2959 | D:3      | You fall into a shaft and drop 2 floors!
  2959 | D:5      | Entered Level 5 of the Dungeon
  3013 | D:5      | Noticed a sky beast
  3394 | D:3      | HP: 3/60 [orc/+0 dagger (1)]
  3396 | D:3      | HP: 1/60 [poisoned by an adder]
  3396 | D:3      | Slain by an orc

Illustrated notes

Levels and vault maps discovered:
D:1:      saegor_arrival_simple_c, layout_rooms, kennysheep_pointless_box,
          minmay_cupped
D:2:      layout_rooms, old_standard_altar, lemuel_doored_altar,
          nicolae_overflow_crystal_walls
D:3:      layout_rooms, marbit_many_paths, kennysheep_vampire_church,
          uniq_natasha
D:4:      layout_rooms, minmay_temple_entry_gardened_gates, serial_shops, shop
D:5:      layout_rooms

Skill      XL: |  1  2  3  4 |
---------------+-------------+-----
Unarmed Combat | 4 5 |  5.3
Transmutations | 3 |  3.5
Fighting       | |  1.1
Dodging        | |  1.7
Spellcasting   | |  2.0

Action                   |  1- 3 |  4- 6 || total
-------------------------+-------+-------++-------
Melee: Unarmed           |    84 |     3 ||    87
       Tailslap          |    12 |     8 ||    20
       Kick              |     7 |    18 ||    25
       Headbutt          |     4 |     9 ||    13
       Trident           |    39 |    95 ||   134
       Punch             |       |     1 ||     1
 Cast: Beastly Appendage |    14 |    13 ||    27
       Spider Form       |       |     1 ||     1
  Use: Scroll            |     6 |     5 ||    11
       Potion            |       |     2 ||     2
Armor: Skin              |    46 |    85 ||   131
Dodge: Dodged            |   106 |    90 ||   196

Table legend: (Time is in decaauts)
 A = Elapsed time spent in this place.
 B = Non-inter-level travel time spent in this place.
 C = Inter-level travel time spent in this place.
 D = Time resting spent in this place.
 E = Time spent auto-exploring this place.
 F = Levels seen in this place.
 G = Mean time per level.
                   A        B        C        D        E       F      G
               +--------+--------+--------+--------+--------+-----+--------+
         Total |   3430 |   3325 |    105 |    659 |   2027 |   5 |  686.0 |
       Dungeon |   3430 |   3325 |    105 |    659 |   2027 |   5 |  686.0 |
               +--------+--------+--------+--------+--------+-----+--------+

Top non-repeatable levels by time:
     D:2: 1829 daAuts
     D:1: 864 daAuts
     D:5: 384 daAuts
     D:3: 302 daAuts
     D:4: 51 daAuts
